 Dungeon Crawl Stone Soup version 0.26-a0-708-g17f3b190f9 (webtiles) character file.

Game seed: 2234202830014180493

65 lunkers the Poker (level 4, -4/35 HPs)
             Began as a Merfolk Gladiator on Oct 29, 2020.
             Slain by a worm (9 damage)
             ... on level 2 of the Dungeon.
             The game lasted 00:02:24 (1525 turns).

lunkers the Poker (Merfolk Gladiator)               Turns: 1525, Time: 00:02:25

Health: -4/35      AC:  4    Str: 14    XL:     4   Next: 13%
Magic:  4/4        EV: 14    Int:  7    God:
Gold:   26         SH:  0    Dex: 16    Spells: 3/3 levels left

rFire    . . .     SeeInvis .   a - +0 trident
rCold    . . .     Faith    .   (no shield)
rNeg     . . .     Spirit   .   b - +0 leather armour
rPois    .         Reflect  .   c - +0 helmet
rElec    .         Harm     .   (no cloak)
rCorr    .         Rampage  .   (no gloves)
MR       .....                  (no boots)
Stlth    +.........             (no amulet)
HPRegen  0.11/turn              (no ring)
MPRegen  0.09/turn              (no ring)

@: no status effects
A: change form in water, swift swim, stealthy swim
a: no special abilities


You were on level 2 of the Dungeon.
You visited 1 branch of the dungeon, and saw 2 of its levels.

You collected 26 gold pieces.

Inventory:

Hand Weapons
 a - a +0 trident (weapon)
Missiles
 d - 3 throwing nets {=f}
Armour
 b - a +0 leather armour (worn)
 c - a +0 helmet (worn)
Jewellery
 e - an uncursed amulet of faith
Scrolls
 f - a scroll of enchant weapon {unknown}
Potions
 g - a potion of cancellation {unknown}
 h - a potion of degeneration {unknown}
 i - a potion of brilliance {unknown}
 j - 2 potions of heal wounds {unknown}
 k - a potion of curing {unknown}


   Skills:
 + Level 3.2 Fighting
 * Level 6.3 Polearms
 - Level 2.0 Throwing
 - Level 4.0 Dodging


You had 3 spell levels left.
You didn't know any spells.
Your spell library was empty.

Dungeon Overview and Level Annotations

Branches:
Dungeon (2/15)

Altars:


Message History

Aim: a worm (moderately wounded)
You puncture the worm!
The worm is severely wounded.
The worm bites you!
* * * LOW HITPOINT WARNING * * *
Attack whom?
Press: ? - help, Dir - move target cursor, f/p - worm
Aim: a worm (severely wounded)
You completely miss the worm.
The worm is severely wounded.
You hit the worm but do no damage.
The worm is severely wounded.
The worm bites you!
* * * LOW HITPOINT WARNING * * *
You barely miss the worm.
The worm is heavily wounded.
You puncture the worm!
The worm is almost dead.
The worm bites you!
You die...

#############
......w@.)..#
###########.#####
#.....# ##
#########..#.....##
#...(......#..#...##
#..........#.#_#...#
#.##....####..#..#
#.......#.....#.###
##.###..#.#.#.#....


You could see a worm.

Vanquished Creatures
  An adder (D:2)
  A dart slug (D:2)
  2 leopard geckos
  3 giant cockroaches
  6 goblins
  7 hobgoblins
  4 jackals (D:1)
  2 quokkas (D:2)
  7 bats
  3 frilled lizards
  7 kobolds (D:1)
  6 rats
49 creatures vanquished.

Notes
Turn   | Place    | Note
-------+----------+-------------------------------------------
     0 | D:1      | lunkers the Merfolk Gladiator began the quest for the Orb.
     0 | D:1      | Reached XP level 1. HP: 16/16 MP: 1/1
   274 | D:1      | Reached XP level 2. HP: 23/23 MP: 2/2
   301 | D:1      | Reached skill level 5 in Polearms
   688 | D:1      | Reached XP level 3. HP: 17/28 MP: 3/3
  1290 | D:2      | Reached skill level 6 in Polearms
  1413 | D:2      | Reached XP level 4. HP: 35/35 MP: 4/4
  1485 | D:2      | Found a faded altar of an unknown god.
  1525 | D:2      | Slain by a worm

Illustrated notes

Levels and vault maps discovered:
D:1:      ncdulo_smallfort, layout_basic, minmay_pentomino_r4
D:2:      layout_loops_ring, grunt_temple_overflow_open,
          chequers_ecumenical_altar_simple, elyvilon_altar_4

Skill      XL: |  1  2  3 |
---------------+----------+-----
Polearms       | 5 6 |  6.3
Fighting       | 3 |  3.2
Throwing       | |  2.0
Dodging        | |  4.0

Action                   |  1- 3 |  4- 6 || total
-------------------------+-------+-------++-------
Melee: Trident           |   139 |    21 ||   160
 Stab: Sleeping          |     3 |       ||     3
       Distracted        |     1 |       ||     1
Armor: Leather armour    |    39 |       ||    39
Dodge: Dodged            |    80 |     6 ||    86

Table legend: (Time is in decaauts)
 A = Elapsed time spent in this place.
 B = Non-inter-level travel time spent in this place.
 C = Inter-level travel time spent in this place.
 D = Time resting spent in this place.
 E = Time spent auto-exploring this place.
 F = Levels seen in this place.
 G = Mean time per level.
                   A        B        C        D        E       F      G
               +--------+--------+--------+--------+--------+-----+--------+
         Total |   1529 |   1522 |      7 |      0 |   1245 |   2 |  764.5 |
       Dungeon |   1529 |   1522 |      7 |      0 |   1245 |   2 |  764.5 |
               +--------+--------+--------+--------+--------+-----+--------+

Top non-repeatable levels by time:
     D:1: 1266 daAuts
     D:2: 262 daAuts
